 Dungeon Crawl Stone Soup version 0.28.0-45-g0d030f2227 (webtiles) character file.

Game seed: 10898635763976075869

505 dianekeaton the Basher (level 6, -7/51 HPs)
             Began as a Minotaur Fighter on Apr 12, 2022.
             Killed from afar by Ijyb (33 damage)
             ... with a bolt of acid
             ... on level 3 of the Dungeon.
             The game lasted 00:06:13 (2670 turns).

dianekeaton the Basher (Minotaur Fighter)           Turns: 2670, Time: 00:06:13

Health: -7/51      AC:  9    Str: 22    XL:     6   Next: 96%
Magic:  5/5        EV:  8    Int:  5    God:
Gold:   93         SH:  4    Dex: 10    Spells: 5/5 levels left

rFire   . . .      SeeInvis .   a - +0 flail (spect)
rCold   . . .      Faith    .   c - +0 buckler
rNeg    . . .      Spirit   .   i - +0 chain mail
rPois   .          Reflect  .   (helmet restricted)
rElec   .          Harm     .   (no cloak)
rCorr   .          Rampage  .   (no gloves)
Will    .....                   (no boots)
Stlth   ..........              (no amulet)
HPRegen 0.17/turn               (no ring)
MPRegen 0.09/turn               (no ring)

@: no status effects
A: horns 2, retaliatory headbutt
a: no special abilities


You were on level 3 of the Dungeon.
You visited 1 branch of the dungeon, and saw 3 of its levels.
You also visited: Sewer.

You collected 93 gold pieces.

Inventory:

Hand Weapons
 a - a +0 spectral flail (weapon)
Armour
 b - a scarf of resistance
 c - a +0 buckler (worn)
 i - a +0 chain mail (worn)
Jewellery
 g - a +4 ring of evasion
Wands
 d - a wand of digging (5)
 o - a wand of paralysis (12)
Scrolls
 e - a scroll of teleportation
 j - a scroll of amnesia {unknown}
 l - a scroll of fear {unknown}
 m - a scroll of identify
Potions
 f - 2 potions of attraction {unknown}
 h - a potion of flight {unknown}
 k - 2 potions of resistance {unknown}
 n - a potion of mutation {unknown}


   Skills:
 - Level 3.6 Fighting
 + Level 8.0 Maces & Flails
 - Level 3.6 Armour
 + Level 3.3 Dodging
 + Level 0.8 Stealth
 - Level 3.6 Shields


You had 5 spell levels left.
You didn't know any spells.
Your spell library was empty.

Dungeon Overview and Level Annotations

Branches:
Dungeon (3/15)              Sewer (visited)

Altars:

Shops:
D:2 *

Annotations:
D:3 Ijyb, Jessica


Innate Abilities, Weirdness & Mutations

You have a pair of horns on your head.
You reflexively headbutt those who attack you in melee.


Message History

Moving in this stuff is going to be slow.
You enter the shallow water.
Moving in this stuff is going to be slow.
You enter the shallow water.
Moving in this stuff is going to be slow.
You see here a rat skeleton.
You see here a quokka skeleton.
You enter the shallow water.
Moving in this stuff is going to be slow.
You enter the shallow water.
Moving in this stuff is going to be slow.
You see here an adder skeleton.
You enter the shallow water.
Moving in this stuff is going to be slow.
You see here an adder skeleton.
Found a stone staircase leading up.
You now have 93 gold pieces (gained 7).
o - a wand of paralysis (12)
Found a shortbow.
You see here a +0 shortbow.
Jessica and Ijyb come into view.
Ijyb is wielding a +0 club and carrying a wand of acid (8).
Jessica shouts!
Ijyb shouts!
Jessica points at you and mumbles some strange words.
You resist with some effort.
A kobold comes into view.
It is wielding a +0 short sword and quivering poisoned darts.
Jessica drinks a potion.
Jessica's spells are empowered!
Ijyb hits you but does no damage.
You sock Ijyb!
Ijyb is heavily wounded.
Ijyb zaps a wand.
The bolt of acid hits you!!
You barely miss Ijyb.
Ijyb is heavily wounded.
Jessica casts a spell.
Jessica blinks!
Ijyb hits you but does no damage.
You closely miss Ijyb. Your headbutt misses Ijyb.
Ijyb is heavily wounded.
Ijyb zaps a wand.
The bolt of acid hits you!!
Ouch! That really hurt!
You die...

#..# #. ..
#... ...##.
..... ####
#.#.#### ....
##.....# ####
#.#......#
....
.........#
.... #g# ####
#@# # #.#.# #
..#.# # #.#.#
#.#.# # #.#.#
##.#.#
#.######..#.#
#.#.........#


You could see Ijyb.

Vanquished Creatures
  Grinder (D:3)
  3 kobold brigands (Sewer)
  5 adders
  A river rat (D:3)
  2 worms (Sewer)
  2 dart slugs
  8 ball pythons
  2 endoplasms
  2 giant cockroaches
  5 goblins
  3 hobgoblins (D:1)
  7 jackals
  11 kobolds
  A quokka (D:3)
  4 bats
  6 frilled lizards
  8 rats
71 creatures vanquished.

Notes
Turn   | Place    | Note
-------+----------+-------------------------------------------
     0 | D:1      | dianekeaton the Minotaur Fighter began the quest for the
                  | Orb.
     0 | D:1      | Reached XP level 1. HP: 19/19 MP: 0/0
    57 | D:1      | Reached skill level 3 in Maces & Flails
   155 | D:1      | Reached XP level 2. HP: 23/26 MP: 1/1
   447 | D:1      | Reached skill level 4 in Maces & Flails
   500 | D:1      | Reached XP level 3. HP: 31/31 MP: 2/2
   639 | D:1      | Reached skill level 1 in Dodging
   840 | D:1      | Found a faded altar of an unknown god.
  1153 | D:2      | Found Ruinuru's Assorted Antiques.
  1704 | D:3      | Noticed Grinder
  1713 | D:3      | Killed Grinder
  1714 | D:3      | Reached skill level 6 in Maces & Flails
  1714 | D:3      | Reached XP level 4. HP: 39/39 MP: 3/3
  1714 | D:3      | Reached XP level 5. HP: 45/45 MP: 4/4
  1895 | D:3      | Reached XP level 6. HP: 37/51 MP: 5/5
  1915 | D:3      | Found a glowing drain.
  1919 | Sewer    | Entered a sewer
  1968 | Sewer    | Reached skill level 7 in Maces & Flails
  2367 | Sewer    | Reached skill level 8 in Maces & Flails
  2660 | D:3      | Noticed Jessica
  2660 | D:3      | Noticed Ijyb
  2670 | D:3      | Killed from afar by Ijyb

Illustrated notes

Levels and vault maps discovered:
D:1:      dpeg_arrival_ternary, layout_basic,
          hellmonk_ecumenical_altar_heavens_door, grunt_decor_clamped,
          minmay_three_crescents
D:2:      layout_loops_ring, serial_shops, shop
D:3:      layout_loops_ring, mainiacjoe_overflow_small_starburst,
          gup_sewer_entry_spiral, uniq_jessica, uniq_grinder, uniq_ijyb

Skill      XL: |  1  2  3  4  5  6 |
---------------+-------------------+-----
Maces & Flails | 3 4 6 8 |  8.0
Dodging        | 2 3 |  3.3
Fighting       | |  3.6
Armour         | |  3.6
Stealth        | |  0.8
Shields        | |  3.6

Action                   |  1- 3 |  4- 6 || total
-------------------------+-------+-------++-------
Melee: Flail             |    76 |    84 ||   160
       Headbutt          |    11 |    14 ||    25
  Use: Scroll            |     5 |       ||     5
       Potion            |     1 |     2 ||     3
Armor: Scale mail        |    33 |       ||    33
       Chain mail        |    15 |    48 ||    63
Dodge: Dodged            |    27 |    26 ||    53
Block: Buckler           |    17 |    10 ||    27
